AoeStats
← 渣渣灰

African Clearing

510508655Analyzed
4v4 RM · 1d ago on Oct 1, 2026· 49m 14s· 8 players
Game mode
Random Map
Map size
Large (8 player)
Population
200
Speed
Normal
Resources
Standard
Victory
Conquest
Starting age
Dark Age
Ending age
Imperial Age
RankedLock teamsTeams togetherTeam positionsShared explorationLock speedFull tech treeHidden civsTurbo modeCheats
Victory
Defeat
🇦🇺 Slavs · Australia
1136
+16
🇨🇳 Koreans · China
1132
+16
🇨🇳 Magyars · China
1130
+16
🇦🇺 Persians · Australia
1075
+18
🇺🇸 Ethiopians · United States
1223
-20
🇨🇳 Britons · China
1117
-16
🇧🇪 Celts · Belgium
1109
-16
🇹🇼 Vietnamese · Taiwan
1071
-14
涛哥
4:33 Loom
13:17 Feudal Age
19:08 Castle Age
26:47 Husbandry
26:57 Bloodlines
26:50 Corvinian Army
28:58 Horse Collar
30:26 Double-Bit Axe
31:15 Gold Mining
31:53 Bow Saw
32:35 Fletching
32:46 Padded Archer Armor
36:14 Imperial Age
34:55 Gold Shaft Mining
34:35 Bodkin Arrow
37:00 Leather Archer Armor
38:23 Heavy Plow
39:21 Conscription
41:07 Ring Archer Armor
41:47 Recurve Bow
43:30 Two-Man Saw
44:15 Chemistry
43:36 Ballistics
43:22 Bracer
45:22 Scale Mail Armor
45:27 Scale Barding Armor
46:21 Crop Rotation
48:16 Wheelbarrow
转世
5:16 Loom
13:30 Feudal Age
18:44 Castle Age
17:44 Double-Bit Axe
17:42 Horse Collar
17:55 Stone Mining
20:37 Bow Saw
25:19 Fletching
29:52 Heavy Plow
35:43 Wheelbarrow
37:59 Imperial Age
37:23 Hand Cart
37:10 Bodkin Arrow
38:05 Eupseong
39:01 Ballistics
40:19 Conscription
42:23 Two-Man Saw
41:28 Bracer
42:58 Stone Shaft Mining
42:13 Gold Mining
42:37 Elite War Wagon
46:20 Coinage
45:51 Caravan
48:13 Banking
48:18 Thumb Ring
49:18 Chemistry
48:24 Siege Engineers
47:59 Treadmill Crane
48:10 Heated Shot
AbIGwAteRmElOn
4:57 Loom
16:39 Feudal Age
18:09 Wheelbarrow
17:22 Town Watch
18:29 Double-Bit Axe
18:26 Horse Collar
26:25 Castle Age
24:48 Gold Mining
24:53 Stone Mining
25:53 Forging
25:49 Scale Barding Armor
25:59 Bloodlines
27:18 Husbandry
27:31 Bow Saw
29:54 Iron Casting
30:00 Gold Shaft Mining
30:32 Heavy Plow
32:40 Hand Cart
32:25 Town Patrol
36:01 Chain Barding Armor
37:05 Caravan
38:03 Ballistics
37:53 Fortified Wall
38:07 Masonry
42:35 Imperial Age
40:07 Light Cavalry
41:03 Detinets
42:47 Murder Holes
43:50 Conscription
42:57 Cavalier
43:45 Elite Boyar
44:18 Capped Ram
45:38 Hoardings
48:06 Blast Furnace
47:46 Plate Barding Armor
47:06 Fletching
47:03 Siege Ram
Sims_doc
6:28 Loom
14:59 Feudal Age
17:37 Double-Bit Axe
17:45 Gold Mining
21:26 Castle Age
27:00 Town Watch
29:33 Stone Mining
31:54 Wheelbarrow
34:19 Hand Cart
37:02 Imperial Age
35:32 Caravan
36:41 Scale Barding Armor
37:47 Chain Barding Armor
37:38 Forging
37:49 Husbandry
38:01 Bloodlines
38:21 Conscription
39:38 Plate Barding Armor
39:39 Scale Mail Armor
40:16 Iron Casting
41:26 Elite War Elephant
Murdock
14:20 Feudal Age
18:27 Castle Age
16:17 Double-Bit Axe
16:41 Stone Mining
16:48 Horse Collar
16:57 Loom
17:45 Gold Mining
20:04 Wheelbarrow
19:52 Town Watch
29:04 Fletching
29:14 Padded Archer Armor
28:42 Crossbowman
29:59 Thumb Ring
31:15 Bodkin Arrow
31:36 Leather Archer Armor
31:54 Ballistics
33:33 Murder Holes
35:02 Hand Cart
38:10 Imperial Age
36:18 Bow Saw
37:04 Gold Shaft Mining
37:05 Stone Shaft Mining
38:44 Scale Mail Armor
38:55 Forging
39:16 Conscription
38:25 Arbalester
39:12 Bracer
39:43 Ring Archer Armor
40:25 Two-Man Saw
40:05 Siege Engineers
40:21 Squires
40:07 Arson
40:24 Halberdier
45:38 Chain Mail Armor
渣渣灰
18:47 Feudal Age
19:45 Loom
23:41 Castle Age
22:35 Double-Bit Axe
23:19 Horse Collar
27:30 Man-at-Arms
27:56 Gambesons
28:19 Long Swordsman
44:14 Bow Saw
43:59 Stone Mining
mengb65
8:28 Loom
13:19 Feudal Age
15:17 Town Watch
17:53 Castle Age
17:25 Double-Bit Axe
19:37 Wheelbarrow
18:52 Horse Collar
21:26 Bow Saw
26:14 Heavy Plow
27:19 Gold Mining
27:19 Stone Mining
29:52 Husbandry
30:02 Bloodlines
31:33 Hand Cart
34:38 Imperial Age
33:14 Chatras
33:22 Scale Barding Armor
33:28 Forging
33:43 Scale Mail Armor
35:55 Iron Casting
35:40 Chain Barding Armor
36:30 Stone Shaft Mining
37:03 Crop Rotation
37:08 Elite Battle Elephant
40:42 Chemistry
40:05 Chain Mail Armor
40:26 Plate Barding Armor
41:53 Caravan
42:29 Elite Fire Lancer
43:27 Squires
Hymoteptep
6:28 Loom
12:04 Feudal Age
12:50 Double-Bit Axe
19:34 Horse Collar
19:49 Town Watch
24:28 Castle Age
24:45 Forging
24:35 Scale Mail Armor
27:13 Bow Saw
27:11 Heavy Plow
29:23 Wheelbarrow
31:27 Gold Mining
31:31 Stone Mining
37:30 Hand Cart
37:10 Pikeman
40:25 Imperial Age
40:40 Iron Casting
40:20 Chain Mail Armor
41:41 Onager
44:02 Halberdier
45:01 Capped Ram
47:00 Blast Furnace
48:13 Plate Mail Armor
49:36 Conscription
Connection lost

Rejoining the realm…

Still unreachable

The connection could not be restored.

Session expired

The server has moved on; the page needs a fresh start.